Map: Prion Terraces

Players

Bucket - Winner!

  • Race: Protoss Protoss
  • League: Diamond

SinofSloth

  • Race: Terran Terran
  • League: Platinum

VOD

Have the link to the VOD?

Description

Time

  • Played on: Nov. 25, 2015, 7:10 a.m.
  • Length: 14:18
Show
View Real Time Build Order
Export as new Build Order

Bucket Protoss - Winner!

Build Orders: 1 Gate Expand, Blink Stalkers 

Get SALT Encoding   

  12  0:02  Probe (Chrono Boost)  
  13  0:12  Probe (Chrono Boost)  
  14  0:19  Pylon  
  14  0:23  Probe (Chrono Boost)  
  15  0:30  Assimilator  
  15  0:37  Probe (Chrono Boost)  
  16  0:44  Gateway  
  16  0:48  Probe (Chrono Boost)  
  17  0:58  Probe (Chrono Boost)  
  18  1:09  Probe (Chrono Boost)  
  19  1:26  Nexus  
  19  1:34  Cybernetics Core  
  19  1:38  Probe (Chrono Boost)  
  20  1:46  Assimilator  
  20  1:49  Probe (Chrono Boost)  
  21  2:01  Pylon  
  21  2:04  Probe (Chrono Boost)  
  22  2:10  Warp Gate  
  22  2:15  Adept  
  23  2:20  Mothership Core (Chrono Boost)  
  25  2:34  Robotics Facility  
  25  2:38  Probe (Chrono Boost)  
  25  2:41  Probe (Chrono Boost)  
  27  2:48  Probe (Chrono Boost)  
  28  2:54  Probe (Chrono Boost)  
  29  3:00  Probe (Chrono Boost)  
  29  3:01  Pylon  
  29  3:04  Probe (Chrono Boost)  
  31  3:10  Probe (Chrono Boost)  
  32  3:15  Probe (Chrono Boost)  
  32  3:18  Twilight Council  
  33  3:21  Observer (Chrono Boost)  
  33  3:22  Probe (Chrono Boost)  
  33  3:25  Probe  
  36  3:38  Probe  
  36  3:40  Probe, Observer (Chrono Boost)  
  38  3:45  Gateway  
  38  3:48  Gateway  
  39  3:51  Probe  
  39  3:52  Probe  
  41  3:55  Blink (Chrono Boost)  
  41  4:02  Observer  
  41  4:03  Probe  
  41  4:06  Probe  
  44  4:13  Pylon  
  44  4:15  Probe  
  45  4:19  Stalker  
  45  4:23  Pylon  
  45  4:24  Pylon  
  45  4:25  Pylon  
  45  4:29  Immortal  
  49  4:46  Stalker  
  51  4:52  Adept  
  51  4:53  Adept  
  55  5:00  Pylon  
  55  5:01  Pylon  
  55  5:14  Adept  
  53  5:31  Immortal  
  53  5:35  Stalker x2  
  60  5:47  Gateway  
  60  5:49  Gateway  
  50  6:18  Immortal  
  54  6:28  Nexus  
  54  6:30  Probe  
  55  6:37  Robotics Bay  
  55  6:49  Pylon  
  55  6:50  Pylon  
  55  6:51  Pylon  
  55  6:53  Pylon  
  55  7:06  Warp Prism  
  55  7:07  Probe  
  58  7:10  Stalker  
  58  7:11  Stalker x2  
  64  7:19  Probe, Gateway  
  65  7:23  Pylon  
  65  7:38  Stalker x3  
  65  7:39  Probe  
  65  7:40  Probe  
  65  7:43  Observer  
  74  7:46  Assimilator  
  74  7:48  Assimilator  
  74  7:52  Probe  
  75  8:02  Probe  
  75  8:04  Probe  
  77  8:12  Gateway, Disruptor (Chrono Boost)  
  80  8:13  Probe, Gateway  
  80  8:16  Probe  
  78  8:49  Stalker x3  
  84  9:02  Nexus  
  84  9:03  Probe  
  84  9:04  Disruptor (Chrono Boost)  
  84  9:05  Pylon  
  84  9:06  Pylon  
  88  9:19  Adept x3  
  88  9:20  Adept  
  96  9:28  Probe  
  96  9:30  Probe  
  98  9:35  Warp Prism (Chrono Boost)  
  100  9:39  Forge  
  100  9:42  Probe  
  101  10:13  Disruptor (Chrono Boost)  
  96  10:23  Probe  
  96  10:24  Pylon  
  96  10:25  Probe, Pylon  
  96  10:27  Pylon, Assimilator  
  96  10:28  Assimilator  
  98  10:29  Protoss Ground Armor Level 1 (Chrono Boost)  
  98  10:34  Forge  
  98  10:42  Disruptor (Chrono Boost)  
  101  10:51  Stalker x5  
  101  10:52  Probe  
  101  10:53  Probe  
  113  11:02  Robotics Facility  
  113  11:10  Disruptor  
  116  11:24  Adept x4  
  124  11:37  Probe x3  
  127  11:44  Protoss Ground Weapons Level 1 (Chrono Boost)  
  127  11:46  Disruptor (Chrono Boost)  
  130  11:50  Immortal (Chrono Boost)  
  130  11:51  Nexus  
  130  11:53  Pylon  
  134  11:55  Pylon  
  134  11:56  Adept x3, Pylon  
  140  12:03  Dark Shrine  
  135  12:18  Disruptor (Chrono Boost)  
  135  12:20  Stalker  
  135  12:21  Stalker x5  
  112  12:44  Adept x2  
  116  13:04  Disruptor x2 (Chrono Boost)  
  116  13:07  Probe x2  
  112  13:14  Probe x2  
  112  13:15  Photon Cannon  
  112  13:16  Photon Cannon  
  112  13:18  Photon Cannon  
  112  13:19  Dark Templar x2  
  118  13:20  Dark Templar, Photon Cannon  
  118  13:23  Assimilator  
  118  13:26  Assimilator  
  120  13:38  Probe x2  
  122  13:48  Pylon  
  122  13:49  Pylon  
  122  13:50  Pylon  
  122  13:54  Templar Archives  
  122  14:00  Photon Cannon  
  122  14:02  Photon Cannon  
  122  14:03  Dark Templar x3  
  122  14:04  Photon Cannon  
Show
View Real Time Build Order
Export as new Build Order

SinofSloth Terran 

Build Orders: 1/1/1, Mech 

Get SALT Encoding   

  12  0:01  SCV  
  13  0:13  SCV  
  14  0:18  Supply Depot  
  14  0:25  SCV  
  15  0:31  Refinery  
  15  0:42  Barracks  
  15  0:44  SCV  
  16  0:50  Refinery  
  16  0:56  SCV  
  17  1:08  SCV  
  18  1:21  SCV  
  19  1:30  Factory  
  19  1:33  Orbital Command  
  19  1:36  Reaper  
  20  1:45  Supply Depot  
  20  1:59  SCV  
  21  2:12  SCV  
  21  2:14  Barracks Reactor  
  21  2:15  Factory Tech Lab  
  22  2:17  Starport  
  22  2:24  Supply Depot  
  22  2:33  Siege Tank  
  25  2:51  Marine x2  
  25  2:54  Medivac  
  28  3:00  Supply Depot  
  28  3:08  Marine  
  28  3:09  Marine  
  30  3:14  Siege Tank  
  33  3:26  Marine x2  
  35  3:32  Medivac  
  37  3:44  Marine x2  
  37  3:47  Command Center  
  39  3:53  SCV  
  40  3:57  Siege Tank  
  40  4:02  Supply Depot  
  43  4:05  Marine  
  43  4:07  Marine  
  43  4:09  SCV  
  46  4:23  Factory  
  46  4:25  SCV  
  46  4:31  Starport Tech Lab  
  47  4:43  Marine  
  47  4:44  Marine  
  48  4:46  Siege Tank  
  48  4:49  SCV  
  52  4:54  Supply Depot  
  52  5:02  Orbital Command  
  52  5:04  SCV  
  52  5:29  SCV  
  52  5:30  Siege Tank, Marine x2  
  58  5:41  SCV  
  58  5:42  SCV  
  58  5:49  Command Center  
  58  5:53  SCV  
  58  6:01  SCV  
  58  6:03  Cyclone, Mag-Field Accelerator  
  61  6:05  SCV  
  55  6:19  SCV x2  
  51  6:26  Marine  
  51  6:27  Marine  
  51  6:28  Siege Tank  
  51  6:31  SCV x2  
  58  6:44  Marine x2  
  60  6:49  Cyclone  
  60  6:52  SCV x2  
  65  6:56  Starport Tech Lab  
  65  7:00  Refinery  
  65  7:01  Refinery  
  65  7:02  Orbital Command, Marine x2  
  65  7:04  SCV x2  
  69  7:09  Bunker  
  69  7:16  SCV x2, Banshee  
  74  7:28  SCV x2  
  76  7:31  SCV  
  76  7:34  Factory  
  77  7:40  SCV  
  77  7:41  SCV  
  77  7:43  SCV  
  80  7:46  Cyclone  
  83  7:52  SCV  
  83  7:53  SCV  
  83  7:55  SCV  
  86  8:04  SCV  
  90  8:06  SCV  
  90  8:08  Command Center  
  91  8:15  Supply Depot  
  91  8:16  Supply Depot  
  91  8:19  Command Center  
  91  8:23  SCV  
  91  8:24  Cyclone  
  95  8:27  Supply Depot  
  95  8:31  Supply Depot  
  88  8:43  SCV x2, Hellion  
  88  8:44  Hellion  
  88  8:45  Cyclone  
  97  8:51  Supply Depot  
  97  8:56  Cyclone  
  100  9:03  Supply Depot  
  100  9:11  Hellion x2  
  104  9:17  Cyclone  
  104  9:18  Factory  
  104  9:19  Factory  
  104  9:22  Orbital Command  
  107  9:27  Command Center  
  107  9:28  Cyclone  
  107  9:30  Armory  
  110  9:32  Armory, Hellion x2  
  114  9:58  Cyclone  
  117  10:00  Cyclone  
  117  10:01  Hellion x2  
  124  10:16  Hellion x2  
  124  10:17  Orbital Command  
  128  10:22  Hellion x2  
  132  10:29  SCV x2  
  132  10:32  Refinery  
  134  10:36  Refinery  
  134  10:38  Cyclone  
  134  10:39  Cyclone  
  134  10:41  Hellion  
  134  10:42  Hellion  
  144  10:43  Hellion  
  144  10:44  Hellion  
  148  10:58  Viking  
  148  11:01  Hellion x6  
  148  11:02  Hellion x6  
  150  11:10  Engineering Bay  
  150  11:11  Orbital Command  
  150  11:14  Cyclone x2  
  150  11:15  Hellbat  
  150  11:16  Hellion, Hellbat  
  150  11:17  Hellion  
  164  11:25  Infernal Pre-Igniter  
  164  11:28  Viking  
  166  11:39  Hellion x2  
  170  11:55  Factory Tech Lab  
  170  11:58  Viking  
  170  12:00  Cyclone  
  170  12:01  Cyclone  
  178  12:06  Factory Tech Lab  
  126  12:37  Cyclone x2  
  126  12:38  Cyclone x2  
  138  12:47  Hellion  
  138  12:48  Hellion  
  142  13:02  Orbital Command  
  141  13:09  Cyclone  
  141  13:10  Cyclone  
  141  13:11  Cyclone x2  
  155  13:13  Hellion x2  
  155  13:15  Refinery  
  155  13:19  Refinery  
  159  13:34  Hellion x2  
  161  13:41  Cyclone  
Tags
 
Add a new tag
Caveats
  • Supply blocks, unpowered buildings, or Contaminate may cause inaccurate times.
  • Supply counts are checked every 10 seconds.